AoeStats
← faeL

Arabia

510876173Analyzed
1v1 RM · 12h ago on Oct 2, 2026· 28m 53s· 2 players
Game mode
Random Map
Map size
Tiny (2 player)
Population
200
Speed
Normal
Resources
Standard
Victory
Conquest
Starting age
Dark Age
Ending age
Imperial Age
RankedLock teamsTeams togetherTeam positionsShared explorationLock speedFull tech treeHidden civsTurbo modeCheats
Victory
Defeat
🇧🇷 Persians · Brazil
483
+8
🇲🇽 Maya · Mexico
296
-8
AlBerlin111
0:30 Loom
13:09 Feudal Age
14:20 Double-Bit Axe
27:51 Horse Collar
29:10 Wheelbarrow
faeL
8:08 Loom
10:36 Feudal Age
11:32 Double-Bit Axe
11:30 Horse Collar
25:00 Castle Age
23:38 Wheelbarrow
27:13 Husbandry
27:28 Bloodlines
26:54 Elite Skirmisher
Connection lost

Rejoining the realm…

Still unreachable

The connection could not be restored.

Session expired

The server has moved on; the page needs a fresh start.